AoeStats
← SLOW SELINE1975

African Clearing

510809147Analyzed
2v2 RM · 20h ago on Oct 2, 2026· 109m 25s· 4 players
Game mode
Random Map
Map size
Medium (4 player)
Population
200
Speed
Normal
Resources
Standard
Victory
Conquest
Starting age
Dark Age
Ending age
Imperial Age
RankedLock teamsTeams togetherTeam positionsShared explorationLock speedFull tech treeHidden civsTurbo modeCheats
Victory
Defeat
🇨🇴 Byzantines · Colombia
648
+14
🇮🇳 Persians · India
580
+17
🇮🇩 Britons · Indonesia
604
-16
🇮🇩 Vietnamese · Indonesia
600
-15
panglima"."WZN
15:04 Feudal Age
18:37 Loom
34:18 Man-at-Arms
39:07 Castle Age
39:53 Squires
39:14 Pikeman
39:23 Elite Skirmisher
47:23 Imperial Age
50:24 Wheelbarrow
49:35 Horse Collar
49:44 Double-Bit Axe
49:42 Halberdier
50:34 Gold Mining
50:35 Stone Mining
51:48 Hand Cart
52:11 Fletching
58:50 Imperial Skirmisher
60:39 Bodkin Arrow
60:56 Forging
68:02 Iron Casting
67:31 Bracer
72:02 Bow Saw
86:34 Chemistry
G4nicuss X WZN
13:40 Loom
16:09 Feudal Age
20:16 Wheelbarrow
24:11 Castle Age
22:53 Double-Bit Axe
22:55 Horse Collar
26:37 Bow Saw
30:25 Heavy Plow
37:35 Imperial Age
36:59 Gold Mining
39:08 Gold Shaft Mining
38:56 Squires
38:43 Arson
39:16 Pikeman
40:42 Halberdier
42:49 Two-Man Saw
42:51 Hand Cart
43:16 Elite Longbowman
47:02 Chemistry
47:01 Ballistics
53:21 Arrowslits
54:09 Padded Archer Armor
54:00 Fletching
54:31 Capped Ram
58:03 Leather Archer Armor
57:44 Bodkin Arrow
59:26 Conscription
60:12 Ring Archer Armor
59:43 Bracer
77:29 Yeomen
81:05 Caravan
saioa08
14:35 Feudal Age
22:43 Castle Age
29:02 Parthian Tactics
35:48 Imperial Age
35:30 Wheelbarrow
37:33 Hand Cart
38:32 Hoardings
46:25 Elite War Elephant
49:05 Murder Holes
49:21 Masonry
49:31 Ballistics
49:02 Heated Shot
50:13 Chemistry
51:19 Scale Mail Armor
51:25 Scale Barding Armor
51:20 Padded Archer Armor
51:11 Fletching
51:31 Forging
54:04 Heavy Cavalry Archer
68:29 Gold Mining
74:31 Gold Shaft Mining
94:17 Onager
SLOW SELINE1975
16:04 Feudal Age
16:57 Horse Collar
18:03 Man-at-Arms
19:50 Wheelbarrow
21:30 Arson
33:40 Castle Age
33:58 Long Swordsman
34:24 Gambesons
38:16 Forging
37:57 Fletching
44:18 Imperial Age
42:03 Hand Cart
41:12 Pikeman
41:52 Squires
44:56 Loom
46:34 Iron Casting
45:55 Bodkin Arrow
46:00 Padded Archer Armor
46:01 Scale Mail Armor
47:14 Cavalier
47:55 Husbandry
49:56 Ballistics
51:12 Chemistry
54:28 Bracer
54:30 Scale Mail Armor
55:30 Double-Bit Axe
57:41 Leather Archer Armor
57:42 Chain Mail Armor
57:32 Scale Barding Armor
58:06 Elite Skirmisher
68:32 Murder Holes
70:13 Bombard Tower
76:51 Elite Skirmisher
88:14 Logistica
91:33 Bow Saw
94:00 Two-Man Saw
97:42 Capped Ram
Connection lost

Rejoining the realm…

Still unreachable

The connection could not be restored.

Session expired

The server has moved on; the page needs a fresh start.